 Dungeon Crawl Stone Soup version 0.20-a0-1108-g6ae5986 (webtiles) character file.

2065 JiminyMac the Cleaver (level 9, -1/80 HPs)
             Began as a Minotaur Berserker on May 6, 2017.
             Was a Priest of Trog.
             Slain by a killer bee (3 damage)
             ... on level 7 of the Dungeon.
             The game lasted 00:16:26 (5722 turns).

JiminyMac the Cleaver (Minotaur Berserker)          Turns: 5722, Time: 00:16:27

Health: -1/80      AC: 14    Str: 24    XL:     9   Next: 5%
Magic:  17/17      EV:  7    Int:  4    God:    Trog [***...]
Gold:   126        SH:  0    Dex: 11    Spells: 8/8 levels left

rFire    + . .     SeeInvis .   u - +0 war axe
rCold    . . .     Gourm    .   (no shield)
rNeg     . . .     Faith    .   D - +0 plate armour
rPois    .         Spirit   .   (helmet restricted)
rElec    .         Reflect  .   (no cloak)
rCorr    .         Harm     .   (no gloves)
MR       .....                  B - +0 pair of boots {Fly}
Stlth    ..........             (no amulet)
Regen    0.3/turn               h - ring of magical power
MPRegen  0.2/turn               i - ring of protection from fire

@: lethally poisoned (-1 -> -4), slowed, drained, very slow
A: retaliatory headbutt, horns 2
a: Berserk, Trog's Hand, Burn Spellbooks, Renounce Religion, Evoke Flight


You were on level 7 of the Dungeon.
You worshipped Trog.
Trog was most pleased with you.
You were very hungry.

You visited 1 branch of the dungeon, and saw 7 of its levels.

You collected 313 gold pieces.
You spent 187 gold pieces at shops.

Inventory:

Hand Weapons
 u - a +0 war axe (weapon)
Armour
 B - a +0 pair of boots of flying (worn)
 D - a +0 plate armour (worn)
Jewellery
 h - a ring of magical power (left hand)
 i - a ring of protection from fire (right hand)
Wands
 r - a wand of flame (14/48)
Scrolls
 a - 5 scrolls of remove curse {unknown}
 e - 2 scrolls of enchant weapon
 g - 3 scrolls of teleportation
 m - 2 scrolls of recharging {unknown}
 t - a scroll of blinking {unknown}
 x - a scroll of immolation {unknown}
 y - a scroll of enchant armour
 C - a scroll of fog {unknown}
Potions
 b - a potion of heal wounds {unknown}
 f - 4 potions of curing
 j - a potion of lignification {unknown}
 l - 2 potions of resistance {unknown}
 n - a potion of mutation {unknown}
 p - 3 potions of flight
 s - a potion of invisibility {unknown}
 v - a potion of brilliance {unknown}
 w - a potion of might {unknown}
 z - a potion of haste {unknown}
 A - a potion of magic {unknown}
Books
 k - a book of Frost

   Spells                             Type                      Level
   a - Freeze                         Ice                          1
   b - Throw Frost                    Conjuration/Ice              2
   c - Ozocubu's Armour               Charms/Ice                   3
   d - Throw Icicle                   Conjuration/Ice              4
   e - Summon Ice Beast               Ice/Summoning                4
   Trog disapproves of the use of such an item.
Comestibles
 c - 6 bread rations
 d - 7 meat rations
 o - 4 royal jellies
 q - 14 fruits
 E - 13 chunks of flesh


   Skills:
 + Level 7.7(7.1) Fighting
 * Level 11.1(10.5) Axes
 + Level 7.0(6.4) Armour
 - Level 2.1(1.7) Dodging


You had 8 spell levels left.
You didn't know any spells.

Dungeon Overview and Level Annotations

Branches:
Dungeon (7/15)             Temple (0/1) D:6

Altars:
Ashenzari
Gozag
Hepliaklqana
Kikubaaqudgha
Makhleb
Sif Muna
Uskayaw
Vehumet
Wu Jian
Zin
The Shining One

Shops:
D:5 *[

Annotations:
D:4 1 runed door


Innate Abilities, Weirdness & Mutations

You reflexively headbutt those who attack you in melee.
You have a pair of horns on your head.


Message History

You feel drained. The wight freezes you.
* * * LOW HITPOINT WARNING * * *
The killer bee barely misses you.
You hit the wight. You headbutt the wight.
The wight is heavily damaged.
You hit the killer bee.
The killer bee stings you but does no damage. x2
The wight hits you from afar with a spear of freezing.
* * * LOW HITPOINT WARNING * * *
The wight freezes you.
* * * LOW HITPOINT WARNING * * *
The wight hits you but does no damage.
The killer bee stings you but does no damage.
The wight hits you but does no damage. The killer bee barely misses you.
You furiously retaliate!
You headbutt the killer bee. The killer bee stings you.
* * * LOW HITPOINT WARNING * * *
You are lethally poisoned!
The killer bee poisons you! The killer bee stings you.
You die...

#......<.)....#
#............##
###.#..........
#.###...#####
#..#....#
#.......### . #
...###z$...##....
#...####yz..........
#......@z#...†...#..
#.....####..........
#.... ###......##
#).. #..##### ###
####


You could see a killer bee and 3 wights.

Vanquished Creatures
  Pikel (D:4)
  An orc warrior (D:7)
  3 ogres
  A centaur (D:5)
  2 bullfrogs (D:6)
  A wyvern skeleton (D:6)
  2 killer bees (D:7)
  2 crimson imps (D:5)
  2 bullfrog zombies
  Crazy Yiuf (D:4)
  4 orc priests
  3 iguanas
  9 orc wizards
  4 worker ants
  2 hound skeletons
  A worker ant zombie (D:6)
  4 gnolls (D:4)
  A howler monkey skeleton (D:4)
  8 adders
  2 oozes
  An adder zombie (D:5)
  An adder skeleton (D:6)
  2 worms (D:2)
  A leopard gecko (D:1)
  15 orcs
  3 ball pythons
  5 giant cockroaches
  4 goblins
  9 hobgoblins
  4 jackals (D:4)
  4 bats
  3 frilled lizards
  2 jackal skeletons
  7 kobolds
  A quokka zombie (D:5)
  2 rats
  2 fungi (D:4)
120 creatures vanquished.

Vanquished Creatures (others)
  2 slaves (D:4)
  A scorpion (D:4)
  An orc priest (D:4)
  2 orcs (D:4)
  A ball python skeleton (D:4)
7 creatures vanquished.

Grand Total: 127 creatures vanquished

Notes
Turn   | Place    | Note
-------+----------+-------------------------------------------
     0 | D:1      | JiminyMac the Minotaur Berserker began the quest for the Orb.
     0 | D:1      | Reached XP level 1. HP: 19/19 MP: 0/0
    64 | D:1      | Reached skill level 4 in Axes
   203 | D:1      | Reached XP level 2. HP: 24/26 MP: 1/1
   240 | D:1      | Found a shattered altar of Ashenzari.
   683 | D:2      | Reached skill level 5 in Axes
   943 | D:2      | Reached ** piety under Trog
   943 | D:2      | Reached XP level 3. HP: 31/31 MP: 2/2
  1088 | D:2      | Found an opulent altar of Gozag.
  1507 | D:3      | Found an ancient bone altar of Kikubaaqudgha.
  1651 | D:3      | Reached skill level 6 in Axes
  1651 | D:3      | Reached XP level 4. HP: 34/39 MP: 3/3
  1898 | D:3      | Reached XP level 5. HP: 46/46 MP: 4/4
  2135 | D:3      | Found a glowing silver altar of Zin.
  2135 | D:3      | Noticed an angel
  2289 | D:4      | Noticed Pikel
  2289 | D:4      | Noticed a slave
  2289 | D:4      | Noticed a slave
  2289 | D:4      | Noticed a slave
  2290 | D:4      | Noticed a slave
  2298 | D:4      | Killed Pikel
  2298 | D:4      | Reached skill level 5 in Fighting
  2298 | D:4      | Reached skill level 8 in Axes
  2298 | D:4      | Reached XP level 6. HP: 25/56 MP: 5/5
  2298 | D:4      | Reached XP level 7. HP: 28/61 MP: 6/6
  2926 | D:4      | Found a radiant altar of Vehumet.
  3188 | D:4      | Found a deep blue altar of Sif Muna.
  3210 | D:4      | Found a runed door.
  3210 | D:4      | Noticed a human
  3244 | D:4      | Reached *** piety under Trog
  3256 | D:4      | Reached skill level 9 in Axes
  3363 | D:4      | Reached skill level 5 in Armour
  3897 | D:4      | Found a runed door.
  3901 | D:4      | Noticed Crazy Yiuf
  3906 | D:4      | Killed Crazy Yiuf
  3964 | D:5      | Entered Level 5 of the Dungeon
  4027 | D:5      | Reached XP level 8. HP: 42/70 MP: 7/7
  4233 | D:5      | Found Suwnazoph's Antique Armour Shoppe.
  4241 | D:5      | Bought a pair of embroidered boots for 187 gold pieces
  4344 | D:5      | Found a burning altar of Makhleb.
  4346 | D:5      | Found a glowing golden altar of the Shining One.
  4350 | D:5      | Found an ornate altar of the Wu Jian Council.
  4364 | D:5      | Reached skill level 10 in Axes
  4398 | D:5      | Found Daicanape's General Store.
  4476 | D:5      | Found a hide-covered altar of Uskayaw.
  4577 | D:5      | Found a hazy altar of Hepliaklqana.
  4960 | D:6      | Found a staircase to the Ecumenical Temple.
  4994 | D:6      | Found a shattered altar of Ashenzari.
  5631 | D:7      | Reached skill level 11 in Axes
  5631 | D:7      | Reached XP level 9. HP: 79/79 MP: 8/8
  5722 | D:7      | HP: 2/80 [killer bee (4)]
  5722 | D:7      | Slain by a killer bee

Vault maps used:
D:1:      minmay_arrival_arboretum_small, ashenzari_altar_1
D:2:      nicolae_overflow_crystal_walls, solitary_fountain, minmay_pentomino_u4
D:3:      kiku_gazebo_garden_becter, zin_angel, first_bread
D:4:      kennysheep_mini_moat, old_standard_altar, dk_yredelemnul_ordeal,
          uniq_pikel, uniq_crazy_yiuf_cottage
D:5:      eat_drink_and_be_merry_uskayaw, gammafunk_temple_overflow_forgotten,
          lemuel_coloured_pillars_altar, serial_shops, shop, shop
D:6:      lemuel_round_altar, minmay_temple_entry_statues_pillars,
          hangedman_abyss_or_decor_stagger

Skill      XL: |  1  2  3  4  5  6  7  8  9 |
---------------+----------------------------+-----
Axes           | 4 5 6 8 9 11 | 11.1
Fighting       | 5 6 7 |  7.7
Armour         | 4 5 6 7 |  7.0
Dodging        | |  2.1

Action                   |  1- 3 |  4- 6 |  7- 9 || total
-------------------------+-------+-------+-------++-------
Melee: Hand axe          |    83 |       |       ||    83
       Headbutt          |    14 |     4 |    39 ||    57
       War axe           |       |    20 |   197 ||   217
Invok: Berserk           |       |     2 |     7 ||     9
 Abil: Stop Flying       |       |       |     1 ||     1
  Use: Scroll            |     3 |       |     4 ||     7
  Eat: Chunk             |     2 |     3 |    18 ||    23
Armor: Animal skin       |     1 |       |       ||     1
       Scale mail        |    25 |    11 |    41 ||    77
       Plate armour      |       |       |    79 ||    79
Dodge: Dodged            |    40 |    11 |    93 ||   144
